 Dungeon Crawl Stone Soup version 0.31-a0-236-g9a0961fb85 (webtiles) character file.

Game seed: 15499778934491080295

84 qw the Shooter (level 4, -1/26 HPs)
             Began as a Gargoyle Hexslinger on July 10, 2023.
             Slain by a gnoll
             ... wielding a +0 spear
              (3 damage)
             ... on level 2 of the Dungeon.
             The game lasted 00:00:28 (1061 turns).

qw the Shooter (Gargoyle Hexslinger)                Turns: 1061, Time: 00:00:29

Health: -1/26      AC:  9    Str: 11    XL:     4   Next: 45%
Magic:  5/5        EV: 10    Int: 14    God:
Gold:   59         SH:  0    Dex: 14    Spells: 4/5 levels left

rFire   . . .        a - +1 sling
rCold   . . .        (no shield)
rNeg    + . .        e - +0 ring mail
rPois   inf          d - +0 helmet
rElec   +            (no cloak)
rCorr   .            (no gloves)
SInv    .            (no boots)
Will    .....        (no amulet)
Stlth   +            (no ring)
HPRegen 0.24/turn    (no ring)
MPRegen 0.09/turn

%: no passive effects
@: no status effects
A: sickness immunity, AC +3, negative energy resistance 1, electricity
resistance, torment resistance 1, petrification resistance
a: no special abilities


You were on level 2 of the Dungeon.
You visited 1 branch of the dungeon, and saw 2 of its levels.

You collected 59 gold pieces.


Innate Abilities, Weirdness & Mutations

You are immune to sickness and miasma.
Your stone body is resilient. (AC +3)
You are immune to poison.
You resist negative energy. (rN+)
You are resistant to electric shocks. (rElec)
You are resistant to unholy torment.
You are immune to petrification.


   Skills:
 - Level 2.0 Fighting
 + Level 4.0 Ranged Weapons
 - Level 1.2 Armour
 - Level 1.5 Dodging
 - Level 1.0 Spellcasting
 - Level 2.6 Hexes


You had 4 spell levels left.
You knew the following spells:

 Your Spells              Type           Power      Damage    Failure   Level
a - Slow                  Hex            32%        N/A       21%         1

Your spell library contained the following spells:

 Spells                   Type           Power      Damage    Failure   Level
 Inner Flame              Hex/Fire       4%         N/A       71%         3
 Portal Projectile        Hex/Tloc       8%         N/A       71%         3
 Cause Fear               Hex            4%         N/A       90%         4

Inventory:

Hand Weapons
 a - a +1 sling (weapon)
Armour
 b - a +0 pair of gloves
 d - a +0 helmet (worn)
 e - a +0 ring mail (worn)
Potions
 c - a potion of ambrosia {unknown}
 f - a potion of curing {unknown}
 g - a potion of magic {unknown}

Dungeon Overview and Level Annotations

Branches:
Dungeon (2/15)

Altars:


Message History

The gnoll hits you with a +0 club. The gnoll hits you with a +0 whip.
You shoot a sling bullet. The sling bullet hits the gnoll!
You kill the gnoll!
The gnoll barely misses you. The gnoll hits you but does no damage.
The gnoll barely misses you.
You have reached level 4!
You feel clever.
You shoot a sling bullet. The sling bullet hits the gnoll.
The gnoll is severely wounded.
The gnoll closely misses you. The gnoll hits you but does no damage.
The gnoll completely misses you.
The gnoll hits you from afar with a +0 spear.
The gnoll hits you but does no damage. The gnoll closely misses you.
You shoot a sling bullet. The sling bullet hits the gnoll.
You kill the gnoll!
The gnoll barely misses you. The gnoll hits you but does no damage.
You shoot a sling bullet. The sling bullet hits the gnoll!
The gnoll is severely wounded.
The gnoll hits you from afar with a +0 spear.
The gnoll completely misses you.
You shoot a sling bullet. The sling bullet hits the gnoll.
You kill the gnoll!
The gnoll hits you but does no damage.
The gnoll hits you from afar with a +0 spear.
Your Ranged Weapons skill increases to level 4!
You shoot a sling bullet.
The sling bullet hits the gnoll but does no damage.
The gnoll barely misses you.
You shoot a sling bullet.
The sling bullet barely misses the gnoll.
The gnoll hits you from afar with a +0 spear.
You shoot a sling bullet. The sling bullet hits the gnoll.
The gnoll is moderately wounded.
The gnoll closely misses you. The gnoll hits you but does no damage.
You shoot a sling bullet.
The sling bullet barely misses the gnoll.
The gnoll barely misses you.
You shoot a sling bullet.
The sling bullet closely misses the gnoll.
The gnoll hits you from afar with a +0 spear.
You die...

. #..# #.# #..# #.#
#..# #.# #..# #.#
#..# #.# #..######
#.#### #.)......
#....###########@).#
'...............)>.#
#......[...#####.#g#
#..........# #.#.#
#..........# #.# #
#..........# #.#
#.###......# ..# #.#
#......# ..# #.#
#......# ..#


You could see a gnoll.

Vanquished Creatures
  3 gnolls (D:2)
  An adder (D:2)
  2 worms (D:2)
  4 ball pythons (D:1)
  2 endoplasms
  2 giant cockroaches
  5 goblins
  6 hobgoblins (D:1)
  4 jackals (D:2)
  3 kobolds
  5 bats (D:1)
  4 rats
41 creatures vanquished.

Notes
Turn   | Place    | Note
-------+----------+-------------------------------------------
     0 | D:1      | qw the Gargoyle Hexslinger began the quest for the Orb.
     0 | D:1      | Reached XP level 1. HP: 12/12 MP: 2/2
     0 | D:1      | 0 ||| qw: Version: 0.3-a-51-g015441d
     0 | D:1      | 0 ||| qw: Game counter: 4484
     0 | D:1      | 0 ||| qw: Melee chars always use a shield: true
     0 | D:1      | 0 ||| qw: God list: Okawaru
     0 | D:1      | 0 ||| qw: Allow faded altars: false
     0 | D:1      | 0 ||| qw: Do Orc after clearing Dungeon:15 true
     0 | D:1      | 0 ||| qw: Do second Lair branch before Depths: true
     0 | D:1      | 0 ||| qw: Lair rune preference: random
     0 | D:1      | 0 ||| qw: Goals: Normal
     0 | D:1      | 0 ||| PLANNING D:1-11
   100 | D:1      | Reached XP level 2. HP: 16/16 MP: 3/3
   152 | D:1      | Reached skill level 3 in Ranged Weapons
   160 | D:1      | Found a faded altar of an unknown god.
   554 | D:1      | Reached XP level 3. HP: 21/21 MP: 4/4
   688 | D:1      | 688 ||| UPGRADING to +0 helmet.
   693 | D:1      | 693 ||| UPGRADING to +0 ring mail.
   703 | D:1      | 703 ||| DROPPING +0 robe.
   704 | D:1      | 704 ||| DROPPING scroll of poison.
   867 | D:2      | Reached skill level 1 in Armour
  1053 | D:2      | Reached XP level 4. HP: 13/26 MP: 5/5
  1055 | D:2      | HP: 6/26 [gnoll/+0 spear (6)]
  1057 | D:2      | Reached skill level 4 in Ranged Weapons
  1058 | D:2      | HP: 1/26 [gnoll/+0 spear (3)]
  1061 | D:2      | Slain by a gnoll

Levels and vault maps discovered:
D:1:      dpeg_arrival_three_same_balls, layout_basic,
          ebering_ecumenical_altar_mist, st_stairs_3, nicolae_hexahallways
D:2:      kennysheep_the_goblin_king, layout_basic, uniq_natasha

Skill      XL: |  1  2  3  4 |
---------------+-------------+-----
Ranged Weapons | 3 4 |  4.0
Fighting       | 2 |  2.0
Armour         | 1 |  1.2
Dodging        | |  1.5
Spellcasting   | |  1.0
Hexes          | |  2.6

Action                     |  1- 3 |  4- 6 || total
---------------------------+-------+-------++-------
   Fire: Sling             |   128 |     9 ||   137
 Armour: Robe              |    13 |       ||    13
         Ring mail         |    30 |     5 ||    35
  Dodge: Dodged            |    75 |     8 ||    83

Table legend:
 A = Non-vault XP
 B = Vault XP
 C = Vault XP percentage of total XP
 D = Non-vault monster count
 E = Vault monster count
 F = Vault count percentage of total count
                 A         B        C        D         E       F
            +---------+---------+-------+---------+---------+-------
      Total |     117 |       3 |   2.5 |      39 |       2 |   4.9
            +---------+---------+-------+---------+---------+-------
        D:1 |      36 |       3 |   7.7 |      22 |       2 |   8.3
        D:2 |      81 |       0 |   0.0 |      17 |       0 |   0.0
            +---------+---------+-------+---------+---------+-------
